 Dungeon Crawl Stone Soup version 0.22-a0-135-g6f012ad (webtiles) character file.

581 Azzok the Fighter (level 7, -25/71 HPs)
             Began as a Minotaur Fighter on Feb 1, 2018.
             Annihilated by an ogre
             ... wielding a +0 giant club
              (29 damage)
             ... on level 4 of the Dungeon.
             The game lasted 00:06:24 (2726 turns).

Azzok the Fighter (Minotaur Fighter)                Turns: 2726, Time: 00:06:26

Health: -25/71     AC:  9    Str: 28    XL:     7   Next: 14%
Magic:  6/6        EV:  7    Int:  5    God:
Gold:   189        SH: 12    Dex:  9    Spells: 6/6 levels left

rFire    . . .     SeeInvis .   a - +0 long sword
rCold    . . .     Gourm    .   p - +2 shield
rNeg     . . .     Faith    .   b - +0 scale mail
rPois    .         Spirit   .   (helmet restricted)
rElec    .         Reflect  .   (no cloak)
rCorr    .         Harm     .   (no gloves)
MR       .....                  (no boots)
Stlth    ..........             (no amulet)
HPRegen  0.21/turn              t - +3 ring of protection
MPRegen  0.10/turn              (no ring)

@: mighty
A: retaliatory headbutt, horns 2
a: no special abilities


You were on level 4 of the Dungeon.
You were hungry.

You visited 1 branch of the dungeon, and saw 4 of its levels.
You also visited: Sewer.

You collected 189 gold pieces.

Inventory:

Hand Weapons
 a - a +0 long sword (weapon)
Missiles
 j - 13 arrows
Armour
 b - a +0 scale mail (worn)
 p - a +2 shield (worn)
Jewellery
 t - a +3 ring of protection (left hand)
Wands
 v - a wand of digging (12)
Scrolls
 c - a scroll of fog {unknown}
 h - a scroll of remove curse {unknown}
 i - 2 scrolls of teleportation {unknown}
 k - a scroll of enchant armour {unknown}
 l - 6 scrolls of identify {unknown}
 m - 2 scrolls of amnesia {unknown}
 q - 2 scrolls of blinking {unknown}
 r - 2 scrolls of random uselessness {unknown}
 y - 2 scrolls of enchant weapon {unknown}
Potions
 e - 2 potions of heal wounds {unknown}
 g - a potion of magic {unknown}
 n - a potion of cancellation {unknown}
 o - a potion of curing {unknown}
 s - a potion of flight {unknown}
 w - a potion of degeneration {unknown}
 x - a potion of brilliance {unknown}
Comestibles
 f - 7 rations
 u - 3 chunks of flesh


   Skills:
 * Level 9.9 Fighting
 - Level 2.4 Long Blades
 - Level 3.6 Armour
 - Level 3.6 Shields


You had 6 spell levels left.
You didn't know any spells.

Dungeon Overview and Level Annotations

Branches:
Dungeon (4/15)
 Temple: D:4-7

Altars:
Gozag
Kikubaaqudgha
Makhleb
Nemelex Xobeh
Vehumet
Xom


Innate Abilities, Weirdness & Mutations

You reflexively headbutt those who attack you in melee.
You have a pair of horns on your head.


Message History

You slash the ogre! You headbutt the ogre.
The ogre is heavily wounded.
The adder skeleton moves out of view.
You block the ogre's attack.
An adder comes into view.
The adder moves out of view.
The scorpion barely misses you.
You are feeling hungry.
You block the ogre's attack.
Sorry, you're not good enough to have a special ability.
Sorry, you're not good enough to have a special ability.
You feel very mighty all of a sudden. The scorpion barely misses you.
You furiously retaliate!
You headbutt the scorpion! You hit the scorpion.
You kill the scorpion!
The ogre hits you with a giant club.
* * * LOW HITPOINT WARNING * * *
Your shield and scale mail prevent you from hitting the ogre.
The ogre is heavily wounded.
The ogre hits you with a giant club!!
You die...

············▒▒▒▒▒▒·▒▒▒·
·······················▒
▒·▒·········▒▒·▒········ ·
·······▒▒··▒▒·▒······· ··
·······!▒▒S·▒▒·▒··▒▒·▒▒▒···
···>···<▒▒(··············
▒·····▒·▒▒···ZS········· ▒
···▒·▒·
▒·▒▒▒O▒··▒▒·▒▒▒▒···( ···
▒·▒ ▒@▒············· ▒·▒
▒·▒·▒▒▒·▒▒▒▒···· ··· ··▒▒▒
▒·▒ · ▒· ·▒·▒ ▒·▒ ▒·▒·▒ ▒·▒
▒ ··▒ ▒<▒ ··▒ ▒▒▒ ··▒


You could see an ogre, an adder and an adder skeleton.

Vanquished Creatures
  The ghost of anet the Magician, an amateur DEWz of Ashenzari (D:3)
  2 bullfrogs (Sewer)
  A scorpion (D:4)
  A hound (D:2)
  A bullfrog zombie (D:4)
  Ijyb (D:3)
  7 adders
  10 oozes
  2 worms (D:3)
  14 leopard geckos
  An orc (D:3)
  4 bats
  11 giant cockroaches
  7 goblins
  5 hobgoblins
  2 jackals (D:2)
  5 kobolds
  13 ball pythons
  18 frilled lizards
  4 rats
110 creatures vanquished.

Vanquished Creatures (others)
  A scorpion (D:4)
  An orc (D:4)
2 creatures vanquished.

Grand Total: 112 creatures vanquished

Notes
Turn   | Place    | Note
-------+----------+-------------------------------------------
     0 | D:1      | Azzok the Minotaur Fighter began the quest for the Orb.
     0 | D:1      | Reached XP level 1. HP: 19/19 MP: 0/0
    48 | D:1      | Reached skill level 4 in Fighting
   174 | D:1      | Reached XP level 2. HP: 24/28 MP: 1/1
   698 | D:2      | Reached skill level 5 in Fighting
   775 | D:2      | Reached XP level 3. HP: 36/36 MP: 2/2
   805 | D:2      | Reached XP level 4. HP: 37/44 MP: 3/3
   934 | D:2      | Reached skill level 6 in Fighting
  1543 | D:3      | Found a glowing drain.
  1582 | Sewer    | Entered a sewer
  1722 | Sewer    | Reached XP level 5. HP: 45/51 MP: 4/4
  1804 | Sewer    | Reached skill level 7 in Fighting
  2014 | Sewer    | Reached skill level 8 in Fighting
  2014 | Sewer    | Reached XP level 6. HP: 47/62 MP: 5/5
  2111 | D:3      | Noticed Ijyb
  2117 | D:3      | Killed Ijyb
  2140 | D:3      | Noticed anet's ghost (amateur DEWz)
  2142 | D:3      | Reached skill level 9 in Fighting
  2160 | D:3      | Killed anet's ghost
  2170 | D:3      | Found an opulent altar of Gozag.
  2485 | D:3      | Found a burning altar of Makhleb.
  2490 | D:3      | Found an ancient bone altar of Kikubaaqudgha.
  2494 | D:3      | Found a radiant altar of Vehumet.
  2560 | D:3      | Found a sparkling altar of Nemelex Xobeh.
  2655 | D:3      | Reached XP level 7. HP: 70/70 MP: 6/6
  2708 | D:4      | Found a shimmering altar of Xom.
  2726 | D:4      | Annihilated by an ogre

Vault maps used:
D:1:      dpeg_arrival_arbitrary_c, corexii_item_surrounded_by_moat,
          serial_bayou_ford_a, st_stairs_12, hangedman_decor_slide_cut,
          serial_bayou_pond_a
D:2:      kennysheep_generic_room_5
D:3:      grunt_gozag_breadcrumbs, minitemple, cheibrodos_sewer_entry_drain,
          minivault_5, nemelex_diamond_rough_becter, uniq_ijyb
D:4:      xom_confusion_cloud, serial_shops, shop, hex_intersection
Sewer:    sewer_frog_island_02

Skill      XL: |  1  2  3  4  5  6 |
---------------+-------------------+-----
Fighting       | 4 5 6 8 9 |  9.9
Long Blades    | |  2.4
Armour         | |  3.6
Shields        | |  3.6

Action                   |  1- 3 |  4- 6 |  7- 9 || total
-------------------------+-------+-------+-------++-------
Melee: Long sword        |    52 |   183 |    10 ||   245
       Headbutt          |     7 |    32 |     2 ||    41
  Use: Potion            |       |     1 |     1 ||     2
  Eat: Chunk             |       |     6 |       ||     6
Armor: Scale mail        |    22 |    93 |     2 ||   117
Dodge: Dodged            |    10 |    57 |     2 ||    69
Block: Shield            |    22 |   131 |     6 ||   159
       Rpst.: Long sword |       |     8 |       ||     8

Table legend:
 A = Spawn XP
 B = Non-spawn XP
 C = Spawn XP percentage of total XP
 D = Spawn monster count
 E = Non-spawn monster count
 F = Spawn count percentage of total count
 G = Total turns spent on level
                    A         B        C        D         E        F      G
               +---------+---------+-------+---------+---------+-------+---------
         Total |       0 |     831 |   0.0 |       0 |     110 |   0.0 |  2726
               +---------+---------+-------+---------+---------+-------+---------
           D:1 |       0 |      29 |   0.0 |       0 |      14 |   0.0 |   684
           D:2 |       0 |      99 |   0.0 |       0 |      19 |   0.0 |   750
           D:3 |       0 |     242 |   0.0 |       0 |      17 |   0.0 |   724
           D:4 |       0 |      98 |   0.0 |       0 |       3 |   0.0 |    51
         Sewer |       0 |     363 |   0.0 |       0 |      57 |   0.0 |   517
               +---------+---------+-------+---------+---------+-------+---------
